 Dungeon Crawl Stone Soup version 0.30-a0-778-g2ef04afb54 (webtiles) character file.

Game seed: 16240123389702220295

11265 cforsyth the Summoner (level 11, -4/64 HPs)
             Began as a Tengu Summoner on Feb 16, 2023.
             Was an Initiate of Gozag.
             Hit by a large rock thrown by a cyclops (42 damage)
             ... on level 11 of the Dungeon on Feb 17, 2023.
             The game lasted 00:34:14 (13137 turns).

cforsyth the Summoner (Tengu Summoner)             Turns: 13137, Time: 00:34:15

Health: -4/64      AC:  6    Str:  9    XL:     11   Next: 75%
Magic:  19/27      EV: 17    Int: 29    God:    Gozag
Gold:   1114       SH:  0    Dex: 14    Spells: 19/32 levels left

rFire   . . .      SeeInvis +    r - +2 hand axe (freeze)
rCold   + . .      Faith    .    (no shield)
rNeg    . . .      Spirit   .    s - +2 robe of Elyvilon's Supremacy {Fly Will- Int+3 SInv}
rPois   .          Reflect  .    (helmet restricted)
rElec   .          Harm     .    G - +1 cloak
rCorr   .          Rampage  .    (no gloves)
Will    .....                    (boots unavailable)
Stlth   ++                       (no amulet)
HPRegen 0.30/turn                m - +6 ring of intelligence
MPRegen 0.20/turn                p - ring of protection from cold

@: gold aura, flying quickly and evasively, quick
A: beak, talons 3, nimble flight
a: Renounce Religion, Potion Petition, Call Merchant, Bribe Branch


You were on level 11 of the Dungeon.
You worshipped Gozag.
Gozag was most pleased with you.
You visited 2 branches of the dungeon, and saw 12 of its levels.
You also visited: Ossuary and Bailey.

You collected 1838 gold pieces.
You spent 110 gold pieces at shops.
You paid 614 gold pieces to Gozag.

Inventory:

Hand Weapons
 r - a +2 hand axe of freezing (weapon)
Armour
 a - a +0 robe
 s - the +2 robe of Elyvilon's Supremacy (worn) {Fly Will- Int+3 SInv}
   (You found it on level 4 of the Dungeon)

   Int:       It affects your intelligence (+3).
   SInv:      It lets you see invisible.
   Fly:       It grants you flight.
   Will:      It decreases your willpower.
 G - a +1 cloak (worn)
Jewellery
 h - a ring of resist corrosion
 m - a +6 ring of intelligence (left hand)
 p - a ring of protection from cold (right hand)
 H - a ring of positive energy
Wands
 u - a wand of paralysis (11)
 B - a wand of mindburst (8)
 E - a wand of polymorph (6)
Scrolls
 d - 4 scrolls of enchant armour {unknown}
 f - 5 scrolls of blinking
 j - 4 scrolls of teleportation
 n - a scroll of brand weapon {unknown}
 o - 3 scrolls of amnesia {unknown}
 t - 3 scrolls of immolation
 v - 3 scrolls of noise {unknown}
 x - a scroll of fog {unknown}
 y - 2 scrolls of fear {unknown}
 C - a scroll of enchant weapon
 D - a scroll of butterflies {unknown}
 F - a scroll of torment {unknown}
 I - a scroll of identify
 J - a scroll of poison {unknown}
Potions
 b - 3 potions of magic
 c - 3 potions of lignification
 e - 2 potions of mutation
 g - 3 potions of brilliance
 i - 9 potions of curing
 k - 3 potions of berserk rage
 l - 4 potions of heal wounds
 q - a potion of might {unknown}
 w - 3 potions of cancellation
 z - 6 potions of flight
 A - a potion of invisibility {unknown}


   Skills:
 + Level 5.3 Fighting
 + Level 6.4 Dodging
 - Level 2.0 Stealth
 - Level 11.0 Spellcasting
 - Level 14.6 Summonings


You had 19 spell levels left.
You knew the following spells:

 Your Spells              Type           Power      Damage    Failure   Level
a - Summon Small Mammal   Summ           100%       N/A       0%          1
b - Call Imp              Summ           79%        N/A       0%          2
c - Call Canine Familiar  Summ           79%        N/A       1%          3
d - Summon Guardian Gole  Hex/Summ       55%        N/A       1%          3
e - Summon Lightning Spi  Summ/Air       55%        N/A       1%          4

Your spell library contained the following spells:

 Spells                   Type           Power      Damage    Failure   Level
 Summon Ice Beast         Ice/Summ       55%        N/A       1%          4
 Sandblast                Erth           32%        2d9       3%          1
 Passwall                 Tmut/Erth      13%        N/A       4%          2
 Frozen Ramparts          Ice            32%        1d5       10%         3
 Ignite Poison            Fire/Tmut/Pois 16%        N/A       10%         3
 Kindle Blastsparks       Fire/Tloc/Air  32%        2d12      10%         3
 Stone Arrow              Conj/Erth      32%        3d9       10%         3
 Fulminant Prism          Conj/Hex       8%         3d6       32%         4
 Ice Form                 Ice/Tmut       16%        N/A       32%         4
 Iskenderun's Mystic Bla  Conj/Tloc      16%        2d5       32%         4
 Sticky Flame             Conj/Fire      16%        2d4       32%         4
 Lee's Rapid Deconstruct  Erth           8%         3d7*      67%         5
 Ignition                 Fire           8%         3d5       100%        8


Dungeon Overview and Level Annotations

Branches:
Dungeon (11/15)            Temple (1/1) D:6         Ossuary (visited)
 Bailey (visited)
   Lair: D:8-11         Orc: D:9-12

Altars:
Cheibriados
Dithmenos
Elyvilon
Fedhas
Gozag
Hepliaklqana
Kikubaaqudgha
Makhleb
Nemelex Xobeh
Okawaru
Qazlal
Ru
Sif Muna
Wu Jian
Xom
Yredelemnul
Zin
The Shining One

Shops:
D:2 *!?   D:5 [   D:7 [   D:8 (

Annotations:
D:3 3 runed translucent doors, dialectric's ghost, amateur DsFi
D:10 2 transporters, themarg's ghost, novice DsFE


Innate Abilities, Weirdness & Mutations

You have a beak for a mouth.
You have claws for feet.
Your magical nature lets you fly swiftly and evasively.


Message History

Your guardian golem is engulfed in blazing flames.
Flame seeps out of your guardian golem.
The bullfrog hits your guardian golem but does no damage.
The bullfrog swells and bulges.
The black bear bites something.
Flame seeps out of your guardian golem.
The black bear barely misses something.
The black bear claws something.
Flame seeps out of your guardian golem.
The bullfrog barely misses your guardian golem.
Your guardian golem is engulfed in blazing flames.
Flame seeps out of your guardian golem.
The howler monkey hoots and howls with incredible vigour!
You hear a croak.
The bullfrog hits your guardian golem.
Your guardian golem disappears in a puff of smoke!
Your guardian golem explodes!
The fiery explosion engulfs the bullfrog!!
The bullfrog dies!
The black bear bites something but does no damage.
The black bear misses something. x2
The scorpion is distracted by your dazzling golden aura.
The bullfrog is distracted by your dazzling golden aura.
The bullfrog gives a loud, deep croak!
Casting: Summon Guardian Golem (safe; 1% risk of failure)
Confirm with . or Enter, or press ? or * to list all spells.
A guardian golem appears, shielding your allies.
The water moccasin is distracted by your dazzling golden aura.
The black bear bites something.
The black bear claws something but does no damage.
The black bear claws something.
Unknown command.
The bullfrog is no longer distracted by gold.
The black bear bites something.
The water moccasin is no longer distracted by gold.
The scorpion is no longer distracted by gold.
The cyclops throws a large rock.
The large rock completely misses your guardian golem.
The large rock hits you!!!
Ouch! That really hurt!
You die...
Your body crumbles into a pile of gold.

##### . #....
..+.... .......
$ P......
PP.P..F#######
$
.PP..FSSCĀ§9.@#
...P.ss#######
....... ..h.P..
....H.P ....?.P
..P.P.P ..h....


You could see a cyclops, 2 water moccasins, 2 bullfrogs, 2 scorpions and a
friendly guardian golem (summoned).

Vanquished Creatures
  A shadow (D:10)
  2 bullfrogs
  A necrophage (D:7)
  A killer bee (D:8)
  An orc wizard (D:9)
  An adder (D:3)
  An adder zombie (Ossuary)
  2 dart slugs (D:2)
  An orc (Bailey)
  2 endoplasms (D:1)
  2 goblins
  3 hobgoblins
  3 bats
  A hobgoblin zombie (Ossuary)
  4 kobolds
  An orc zombie (Ossuary)
  2 rats (D:2)
29 creatures vanquished.

Vanquished Creatures (collateral kills)
  2 two-headed ogres (D:9)
  Amaemon (D:10)
  An orc knight (Bailey)
  Maurice (D:8)
  Maggie (D:6)
  An orange demon (D:10)
  An unseen horror (D:10)
  A hornet (D:8)
  Sigmund (D:3)
  4 yaks (D:9)
  A shadow (D:10)
  2 wyverns (D:9)
  2 steam dragons
  Menkaure (D:6)
  2 water moccasins
  5 orc warriors
  2 black bears
  2 sky beasts
  2 ogres
  2 phantoms
  A centaur (D:9)
  A kobold brigand (D:7)
  4 bullfrogs
  A necrophage (D:8)
  4 scorpions
  A water moccasin zombie (Ossuary)
  6 wights
  A howler monkey (D:11)
  10 killer bees
  A bullfrog zombie (Ossuary)
  A crimson imp (D:7)
  A jelly (D:5)
  A human zombie (Ossuary)
  A centaur zombie (Ossuary)
  2 orc priests (D:5)
  5 iguanas
  8 orc wizards
  3 scorpion zombies (Ossuary)
  An ogre zombie (Ossuary)
  4 gnolls
  6 adders
  3 shadow imps
  2 white imps (D:6)
  An ufetubus (D:7)
  2 adder zombies (Ossuary)
  A worm (D:2)
  2 dart slugs
  15 orcs
  2 bats
  7 endoplasms
  3 giant cockroaches
  A gnoll zombie (Ossuary)
  10 goblins
  7 hobgoblins
  4 jackals (D:1)
  2 quokkas (D:1)
  4 ball pythons
  4 frilled lizards
  5 goblin zombies
  4 hobgoblin zombies (Ossuary)
  25 kobolds
  5 orc zombies (Ossuary)
  2 rats
209 creatures vanquished.

Vanquished Creatures (others)
  A two-headed ogre (D:9)
  An orc knight (Bailey)
  A cyclops (D:9)
  A steam dragon (D:10)
  4 orc warriors (Bailey)
  A bullfrog (D:11)
  13 fungi (D:11)
  20 plants (D:11)
42 creatures vanquished.

Grand Total: 280 creatures vanquished

Notes
Turn   | Place    | Note
-------+----------+-------------------------------------------
     0 | D:1      | cforsyth the Tengu Summoner began the quest for the Orb.
     0 | D:1      | Reached XP level 1. HP: 10/10 MP: 4/4
   139 | D:1      | Reached skill level 5 in Summonings
   148 | D:1      | Reached XP level 2. HP: 12/15 MP: 3/6
   186 | D:1      | Learned a level 2 spell: Call Imp
   372 | D:1      | Reached XP level 3. HP: 19/19 MP: 6/8
   762 | D:1      | Found a faded altar of an unknown god.
  1115 | D:2      | Found Caupih's Distillery.
  1306 | D:2      | Reached XP level 4. HP: 18/24 MP: 5/9
  1355 | D:2      | Found Plog's Assorted Antiques.
  1708 | D:2      | Found Gozidd's Magic Scroll Shoppe.
  1848 | D:3      | Learned a level 3 spell: Call Canine Familiar
  1852 | D:3      | Learned a level 3 spell: Summon Guardian Golem
  1919 | D:3      | Reached skill level 6 in Summonings
  1995 | D:3      | Identified the +0 scale mail "Uxam" {Regen+}
  2076 | D:3      | Found a runed translucent gate.
  2394 | D:3      | Found a runed translucent gate.
  2394 | D:3      | Noticed dialectric's ghost (amateur DsFi)
  2395 | D:3      | Found a runed translucent gate.
  2395 | D:3      | Noticed a kobold brigand
  2468 | D:3      | Noticed Sigmund
  2498 | D:3      | Killed Sigmund
  2499 | D:3      | Reached skill level 7 in Summonings
  2499 | D:3      | Gained mutation: Your magical nature lets you fly swiftly
                  | and evasively. [Tengu growth]
  2499 | D:3      | Reached XP level 5. HP: 20/28 MP: 2/12
  2499 | D:3      | Reached XP level 6. HP: 23/32 MP: 2/13
  2510 | D:3      | Learned a level 4 spell: Summon Lightning Spire
  2875 | D:4      | Identified the +2 robe of Elyvilon's Supremacy {Fly Will-
                  | Int+3 SInv}
  2999 | D:4      | Noticed a black bear
  3012 | D:4      | Killed a black bear
  3365 | D:4      | Reached skill level 5 in Spellcasting
  3365 | D:4      | Reached XP level 7. HP: 36/36 MP: 13/15
  3549 | D:5      | Entered Level 5 of the Dungeon
  3609 | D:2      | Bought a scroll labelled FAOREG LUOTU for 23 gold pieces
  3609 | D:2      | Bought 2 yellow potions for 41 gold pieces
  3609 | D:2      | Bought a scroll labelled GYHAVU ZOMIRIRPHU for 23 gold
                  | pieces
  3609 | D:2      | Bought a scroll labelled LEARUKK KUODGH for 23 gold pieces
  3866 | D:5      | Reached skill level 8 in Summonings
  4108 | D:5      | Found Anexaem's Armour Shop.
  4126 | D:5      | Found a stormy altar of Qazlal.
  4286 | D:5      | Reached XP level 8. HP: 32/41 MP: 17/17
  4338 | D:5      | Reached skill level 9 in Summonings
  4697 | D:6      | Noticed Menkaure
  4726 | D:6      | Found a sand-covered staircase.
  4739 | Ossuary  | Entered an ossuary
  4886 | Ossuary  | Reached skill level 10 in Summonings
  5145 | Ossuary  | Noticed a silent spectre
  5420 | D:6      | Killed Menkaure
  5510 | D:6      | Reached XP level 9. HP: 45/45 MP: 21/21
  5561 | D:6      | Noticed Maggie
  5884 | D:6      | Found a staircase to the Ecumenical Temple.
  6231 | D:6      | Killed Maggie
  6232 | D:6      | Reached skill level 11 in Summonings
  6455 | D:7      | Found a flagged portal.
  6461 | Bailey   | Entered a bailey
  6565 | Bailey   | Noticed an orc knight
  6587 | Bailey   | Killed an orc knight
  6588 | Bailey   | Reached skill level 12 in Summonings
  6802 | Bailey   | Noticed an orc knight
  6854 | Bailey   | Killed an orc knight
  6855 | Bailey   | Reached XP level 10. HP: 50/50 MP: 20/24
  7096 | D:7      | Reached skill level 13 in Summonings
  7392 | D:7      | Found a shimmering altar of Xom.
  7393 | D:7      | Found a burning altar of Makhleb.
  7664 | D:7      | Found Vuciag's Armour Emporium.
  7990 | D:7      | Found a glowing silver altar of Zin.
  8630 | D:8      | Noticed Maurice
  8645 | D:8      | Killed Maurice
  8646 | D:8      | Reached skill level 10 in Spellcasting
  9166 | D:8      | Found Godecior's Antique Weapon Shop.
  9463 | D:9      | Found a basalt altar of Yredelemnul.
  9571 | D:9      | Noticed a two-headed ogre
  9579 | D:9      | Killed a two-headed ogre
  9580 | D:9      | Reached skill level 14 in Summonings
  9715 | D:9      | Noticed a two-headed ogre
  9735 | D:9      | Killed a two-headed ogre
  9736 | D:9      | Reached XP level 11. HP: 54/54 MP: 14/27
  9825 | D:9      | Reached skill level 1 in Fighting
  9933 | D:9      | Noticed a cyclops
  9961 | D:9      | Killed a cyclops
 10350 | D:9      | Noticed a two-headed ogre
 10366 | D:9      | Killed a two-headed ogre
 11251 | D:9      | Found an iron altar of Okawaru.
 11254 | D:9      | Found a shimmering blue altar of Sif Muna.
 11254 | D:9      | Found a sparkling altar of Nemelex Xobeh.
 11348 | D:9      | Reached skill level 5 in Dodging
 11476 | D:9      | Found a white marble altar of Elyvilon.
 11524 | D:10     | Entered Level 10 of the Dungeon
 11741 | D:10     | Found a transporter.
 11742 | D:10     | Found a transporter.
 11742 | D:10     | Noticed themarg's ghost (novice DsFE)
 11742 | D:10     | Noticed a two-headed ogre
 11744 | D:10     | Noticed a two-headed ogre
 11745 | D:10     | Noticed a two-headed ogre
 11752 | D:10     | Noticed a two-headed ogre
 11758 | D:10     | Noticed a two-headed ogre
 11996 | Temple   | Entered the Ecumenical Temple
 12139 | Temple   | Became a worshipper of Gozag Ym Sagoz the Greedy
 12549 | D:10     | Noticed Amaemon
 12599 | D:10     | Killed Amaemon
 12600 | D:10     | Reached skill level 5 in Fighting
 13112 | D:11     | Noticed a cyclops
 13112 | D:11     | Noticed a manticore
 13137 | D:11     | Hit by a large rock thrown by a cyclops

Illustrated notes

Levels and vault maps discovered:
D:1:      psy_arrival_conway, layout_basic, dilly_ecumenical_altar_fadedgnrine,
          minmay_tiny_reverse_x
D:2:      layout_basic, serial_shops, nicolae_lakefront_shop, shop,
          nicolae_shop_overgrown_old_shop, kennysheep_nub, chequers_avenue
D:3:      layout_rooms, gammafunk_ghost_nasty_kobolds, uniq_sigmund
D:4:      black_bear_nest_2, layout_basic, kennysheep_generic_room_10
D:5:      layout_basic, mainiacjoe_overflow_brackets, serial_shops,
          nicolae_take_the_stairs
D:6:      layout_loops_ring, minmay_temple_entry_trees, enter_ossuary_3,
          kennysheep_windowed_goal, uniq_maggie, uniq_menkaure
D:7:      layout_loops_corners, grunt_temple_overflow_champion_of_chaos,
          zin_scriptorium, enter_bailey_2, serial_shops, shop,
          minmay_misc_feat_more_columns
D:8:      layout_basic, serial_shops, nicolae_shop_behind_doors, serial_rivers,
          chequers_serial_rivers_large_a, chequers_serial_rivers_room_b,
          chequers_serial_rivers_marsh, chequers_serial_rivers_room_b,
          minivault_11, uniq_maurice
D:9:      layout_loops_ring, nicolae_overflow_hallway_of_the_gods
D:10:     layout_long_grid, gammafunk_ghost_smash, uniq_amaemon
D:11:     dreamdust_dug_too_deep, layout_basic, due_lair_maze_entry_diamond,
          orc_0_dummy, ebering_ghost_inner_flame, onia_ninara_cookie
Temple:   nicolae_temple_figure_eight

Skill      XL: |  1  2  3  4  5  6  7  8  9 10 11 |
---------------+----------------------------------+-----
Summonings     | 5 7 8 10 12 14 | 14.6
Spellcasting   | 3 4 5 7 9 11 | 11.0
Fighting       | 5 |  5.3
Dodging        | 6 |  6.4
Stealth        | |  2.0

Action                     |  1- 3 |  4- 6 |  7- 9 | 10-12 || total
---------------------------+-------+-------+-------+-------++-------
  Melee: Unarmed           |    44 |    20 |       |       ||    64
         Kick              |    17 |     9 |    10 |    23 ||    59
         Peck              |     8 |     2 |     4 |    16 ||    30
         Hand axe          |       |     7 |    39 |    71 ||   117
         Punch             |       |       |     2 |       ||     2
   Cast: Summon Small Mamm |    31 |    25 |    23 |    51 ||   130
         Call Imp          |     8 |    12 |    11 |    34 ||    65
         Call Canine Famil |       |    13 |    25 |    41 ||    79
         Summon Guardian G |       |       |     5 |    12 ||    17
         Summon Lightning  |       |       |     6 |     6 ||    12
    Use: Scroll            |       |       |    13 |     3 ||    16
         Potion            |       |       |     1 |       ||     1
   Stab: Distracted        |     2 |     1 |     1 |     2 ||     6
         Sleeping          |     1 |       |       |       ||     1
 Armour: Robe              |     2 |     4 |    18 |    20 ||    44
  Dodge: Dodged            |    37 |    18 |    60 |    75 ||   190

Table legend: (Time is in decaauts)
 A = Elapsed time spent in this place.
 B = Non-inter-level travel time spent in this place.
 C = Inter-level travel time spent in this place.
 D = Time resting spent in this place.
 E = Time spent auto-exploring this place.
 F = Levels seen in this place.
 G = Mean time per level.
                   A        B        C        D        E       F      G
               +--------+--------+--------+--------+--------+-----+--------+
         Total |  12576 |  11658 |    918 |   1035 |   7928 |  14 |  898.3 |
       Dungeon |  11525 |  10620 |    905 |    823 |   7648 |  11 | 1047.7 |
        Temple |    142 |    130 |     12 |      0 |    124 |   1 |  142.0 |
       Ossuary |    440 |    440 |      0 |    212 |      0 |   1 |  440.0 |
        Bailey |    468 |    468 |      0 |      0 |    154 |   1 |  468.0 |
               +--------+--------+--------+--------+--------+-----+--------+

Top non-repeatable levels by time:
     D:9: 2053 daAuts
     D:6: 1325 daAuts
     D:8: 1254 daAuts
     D:5: 1201 daAuts
     D:7: 1109 daAuts
     D:2: 989 daAuts
    D:10: 924 daAuts
     D:1: 918 daAuts
     D:3: 910 daAuts
     D:4: 808 daAuts
  Bailey: 468 daAuts
 Ossuary: 440 daAuts
  Temple: 142 daAuts
    D:11: 30 daAuts
